PBL
KELOWNA HEAT @ JOPLIN BLASTERS
10/09/2044
 
TOP OF THE 1ST
Portland Angels batting - Pitching for Madison Brewers : LHP Jarrett Cochran
Pitching: LHP Jarrett Cochran
Batting: RHB Aubrey Soldan 0-0: Called Strike
0-1: Ball
1-1: Ball
2-1: Foul Ball, location: 2F
2-2: Ball
3-2: Fly out, F4 (Popup, 4D, EV 66.3 MPH)
Batting: RHB Suoud bin Hilal 0-0: Ball
1-0: Ball
2-0: Swinging Strike
2-1: DOUBLE (Flyball, 89D, EV 105.0 MPH)
Batting: RHB Erik Schlosser 0-0: Ground out 1-3 (Groundball, P, EV 70.0 MPH)
Suoud bin Hilal to third
Batting: RHB Dan Benson 0-0: Foul Ball, location: 2F
0-1: Ball
1-1: Ball
2-1: SINGLE (Line Drive, 89S, EV 87.5 MPH)
Suoud bin Hilal scores
Batting: RHB Jayson Robinson 0-0: Called Strike
0-1: Ball
1-1: Swinging Strike
1-2: Strikes out looking
Top of the 1st over - 1 run, 2 hits, 0 errors, 1 left on base; Portland 1 - Madison 0
BOTTOM OF THE 1ST
Madison Brewers batting - Pitching for Portland Angels : RHP Angelo Escobedo
Pitching: RHP Angelo Escobedo
Batting: RHB Brent Campbell 0-0: Ball
1-0: Foul Ball, location: 2F
1-1: Foul Ball, location: 2F
1-2: Ball
2-2: Foul Ball, location: 2F
2-2: Strikes out swinging
Batting: RHB Micah Christopher 0-0: Ball
1-0: Called Strike
1-1: Ball
2-1: Ball
3-1: Fly out, F9 (Flyball, 9S, EV 91.3 MPH)
Batting: LHB Dan Martinez 0-0: Called Strike
0-1: Ball
1-1: Fly out, F8 (Flyball, 8RXD, EV 98.1 MPH)
Bottom of the 1st over - 0 runs, 0 hits, 0 errors, 0 left on base; Portland 1 - Madison 0
TOP OF THE 2ND
Portland Angels batting - Pitching for Madison Brewers : LHP Jarrett Cochran
Batting: RHB Justin Reed 0-0: Fly out, F3 (Popup, 3F, EV 58.8 MPH)
Batting: RHB Humberto Rebollar 0-0: Called Strike
0-1: Foul Ball, location: 2F
0-2: Ground out 4-3 (Groundball, 4, EV 83.8 MPH)
Batting: RHB Angelo Escobedo 0-0: Ball
1-0: SINGLE (Groundball, 56D, EV 105.0 MPH)
Batting: RHB Nick Marse 0-0: Swinging Strike
0-1: Foul Ball, location: 2F
0-2: Ball
1-2: SINGLE (Line Drive, 78M, EV 100.6 MPH)
Angelo Escobedo to second
Batting: RHB Aubrey Soldan 0-0: SINGLE (Groundball, 56D, EV 103.1 MPH)
Angelo Escobedo to third
Nick Marse to second
Runner from 3rd tries for Home, SAFE, throw by LF to home
Batting: RHB Suoud bin Hilal 0-0: Ball
1-0: Called Strike
1-1: SINGLE (Groundball, 6MD, EV 101.9 MPH)
Nick Marse to third
Aubrey Soldan to second
Batting: RHB Erik Schlosser 0-0: Ball
1-0: Foul Ball, location: 2F
1-1: Ball
2-1: Ball
3-1: Called Strike
3-2: Strikes out swinging
Top of the 2nd over - 1 run, 4 hits, 0 errors, 3 left on base; Portland 2 - Madison 0
BOTTOM OF THE 2ND
Madison Brewers batting - Pitching for Portland Angels : RHP Angelo Escobedo
Batting: RHB Justin Menotti 0-0: Called Strike
0-1: Swinging Strike
0-2: Foul Ball, location: 2F
0-2: Ball
1-2: Strikes out looking
Batting: RHB Mike Feldhausen 0-0: Ball
1-0: Ball
2-0: Foul Ball, location: 2F
2-1: Foul Ball, location: 2F
2-2: Ball
3-2: Ground out 6-3 (Groundball, 6, EV 101.9 MPH)
Batting: LHB Peter Whistle 0-0: Ball
1-0: Ball
2-0: Called Strike
2-1: Fly out, F8 (Flyball, 78M, EV 95.0 MPH)
Bottom of the 2nd over - 0 runs, 0 hits, 0 errors, 0 left on base; Portland 2 - Madison 0
TOP OF THE 3RD
Portland Angels batting - Pitching for Madison Brewers : LHP Jarrett Cochran
Batting: RHB Dan Benson 0-0: Ball
1-0: Called Strike
1-1: Foul Ball, location: 2F
1-2: Fly out, F4 (Flyball, 4MD, EV 90.0 MPH)
Batting: RHB Jayson Robinson 0-0: Fly out, F7 (Flyball, 7S, EV 93.1 MPH)
Batting: RHB Justin Reed 0-0: Called Strike
0-1: Called Strike
0-2: Foul Ball, location: 2F
0-2: Strikes out swinging
Top of the 3rd over - 0 runs, 0 hits, 0 errors, 0 left on base; Portland 2 - Madison 0
BOTTOM OF THE 3RD
Madison Brewers batting - Pitching for Portland Angels : RHP Angelo Escobedo
Batting: RHB Bobby Ujvari 0-0: Foul Ball, location: 2F
0-1: Foul Ball, location: 2F
0-2: Ball
1-2: Ball
2-2: Foul Ball, location: 2F
2-2: Strikes out swinging, 2-3 out at first.
Batting: RHB Alex Olmeda 0-0: Foul Ball, location: 2F
0-1: Foul Ball, location: 2F
0-2: Ball
1-2: Strikes out looking
Batting: LHB Jarrett Cochran 0-0: Fly out, F9 (Flyball, 9, EV 90.6 MPH)
Bottom of the 3rd over - 0 runs, 0 hits, 0 errors, 0 left on base; Portland 2 - Madison 0
TOP OF THE 4TH
Portland Angels batting - Pitching for Madison Brewers : LHP Jarrett Cochran
Batting: RHB Humberto Rebollar 0-0: Called Strike
0-1: Called Strike
0-2: Strikes out looking
Batting: RHB Angelo Escobedo 0-0: SINGLE (Groundball, 56D, EV 98.8 MPH)
Batting: RHB Nick Marse 0-0: Grounds into double play, 5-4-3 (Groundball, 56, EV 107.5 MPH)
Top of the 4th over - 0 runs, 1 hit, 0 errors, 0 left on base; Portland 2 - Madison 0
BOTTOM OF THE 4TH
Madison Brewers batting - Pitching for Portland Angels : RHP Angelo Escobedo
Batting: RHB Brent Campbell 0-0: Ball
1-0: Ball
2-0: Ball
3-0: Called Strike
3-1: Called Strike
3-2: Base on Balls
Batting: RHB Micah Christopher 0-0: Ball
1-0: Swinging Strike
1-1: Ball
2-1: Ball
3-1: Ground out 6-3 (Groundball, 6S, EV 63.8 MPH)
Brent Campbell to second
Batting: LHB Dan Martinez 0-0: Ball
Brent Campbell steals 3rd base (no throw)
1-0: Ball
2-0: TRIPLE (Flyball, 9D, EV 98.1 MPH)
Brent Campbell scores
Batting: RHB Justin Menotti 0-0: Hit by Pitch
Batting: RHB Mike Feldhausen 0-0: Ball
1-0: Foul Ball, location: 2F
1-1: Ball
2-1: TRIPLE (Groundball, 3L, EV 105.6 MPH)
Dan Martinez scores
Justin Menotti scores
Batting: LHB Peter Whistle 0-0: Ball
1-0: Ground out 6-3 (Groundball, 6, EV 78.8 MPH)
Mike Feldhausen scores
Batting: RHB Bobby Ujvari 0-0: Swinging Strike
0-1: Called Strike
0-2: Ball
1-2: Foul Ball, location: 2F
1-2: Strikes out swinging
Bottom of the 4th over - 4 runs, 2 hits, 0 errors, 0 left on base; Portland 2 - Madison 4
TOP OF THE 5TH
Portland Angels batting - Pitching for Madison Brewers : LHP Jarrett Cochran
Batting: RHB Aubrey Soldan 0-0: Called Strike
0-1: Foul Ball, location: 2F
0-2: Ground out 6-3 (Groundball, 6, EV 83.8 MPH)
Batting: RHB Suoud bin Hilal 0-0: Ball
1-0: Called Strike
1-1: Foul Ball, location: 2F
1-2: SINGLE (Line Drive, 6D, EV 102.5 MPH)
Batting: RHB Erik Schlosser 0-0: Foul Ball, location: 2F
0-1: 2-RUN HOME RUN (Flyball, 7D, EV 101.9 MPH), Distance : 354 ft
Batting: RHB Dan Benson 0-0: Called Strike
0-1: Ball
1-1: SINGLE (Line Drive, 89S, EV 91.9 MPH)
Batting: RHB Jayson Robinson 0-0: Called Strike
0-1: Ball
1-1: Fly out, F9 (Flyball, 89S, EV 83.1 MPH)
Batting: RHB Justin Reed 0-0: Ball
1-0: Foul Ball, location: 2F
1-1: Swinging Strike
1-2: Foul Ball, location: 2F
1-2: Foul Ball, location: 2F
1-2: Ball
2-2: Ball
3-2: Foul Ball, location: 2F
3-2: Base on Balls
Dan Benson to second
Batting: RHB Humberto Rebollar 0-0: Fly out, F7 (Flyball, 7, EV 86.9 MPH)
Top of the 5th over - 2 runs, 3 hits, 0 errors, 2 left on base; Portland 4 - Madison 4
BOTTOM OF THE 5TH
Madison Brewers batting - Pitching for Portland Angels : RHP Angelo Escobedo
Batting: RHB Alex Olmeda 0-0: Ball
1-0: Ground out 2-3 (Groundball, 2R, EV 73.1 MPH)
Batting: LHB Jarrett Cochran 0-0: Called Strike
0-1: Ball
1-1: Ball
2-1: Foul Ball, location: 2F
2-2: Strikes out swinging
Batting: RHB Brent Campbell 0-0: Called Strike
0-1: Swinging Strike
0-2: Hit by Pitch
Batting: RHB Micah Christopher 0-0: Ball
1-0: Called Strike
1-1: Ball
2-1: Called Strike
2-2: Fielders Choice at 2nd, 5-4 (Groundball, 5, EV 87.5 MPH)
Bottom of the 5th over - 0 runs, 0 hits, 0 errors, 1 left on base; Portland 4 - Madison 4
TOP OF THE 6TH
Portland Angels batting - Pitching for Madison Brewers : LHP Jarrett Cochran
Batting: RHB Angelo Escobedo 0-0: Ball
1-0: Called Strike
1-1: Ball
2-1: Foul Ball, location: 2F
2-2: Strikes out swinging
Pitching: LHP Gerald Brown
Batting: RHB Nick Marse 0-0: Called Strike
0-1: Ball
1-1: Ball
2-1: Ground out 6-3 (Groundball, 6, EV 91.3 MPH)
Batting: RHB Aubrey Soldan 0-0: Ground out 4-3 (Groundball, 4S, EV 83.8 MPH)
Top of the 6th over - 0 runs, 0 hits, 0 errors, 0 left on base; Portland 4 - Madison 4
BOTTOM OF THE 6TH
Madison Brewers batting - Pitching for Portland Angels : RHP Angelo Escobedo
Pitching: RHP Jeremy Anderson
Batting: LHB Dan Martinez 0-0: Ball
1-0: Foul Ball, location: 2F
1-1: Fly out, F8 (Flyball, 8LD, EV 97.5 MPH)
Batting: RHB Justin Menotti 0-0: Ball
1-0: Ball
2-0: Ball
3-0: Hit by Pitch
Batting: RHB Mike Feldhausen 0-0: Called Strike
0-1: Ball
1-1: Swinging Strike
1-2: Ball
2-2: Strikes out looking
Justin Menotti steals 2nd base
Batter strikes out.
Batting: LHB Peter Whistle 0-0: Ball
1-0: Foul Ball, location: 2F
1-1: Foul Ball, location: 2F
1-2: Ball
2-2: Foul Ball, location: 2F
2-2: Strikes out swinging
Bottom of the 6th over - 0 runs, 0 hits, 0 errors, 1 left on base; Portland 4 - Madison 4
TOP OF THE 7TH
Portland Angels batting - Pitching for Madison Brewers : LHP Gerald Brown
Batting: RHB Suoud bin Hilal 0-0: Called Strike
0-1: Ball
1-1: Foul Ball, location: 2F
1-2: Fly out, F5 (Line Drive, 5, EV 62.5 MPH)
Batting: RHB Erik Schlosser 0-0: Ball
1-0: Ball
2-0: Foul Ball, location: 2F
2-1: SINGLE (Groundball, 6MD, EV 96.9 MPH)
Batting: RHB Dan Benson 0-0: Swinging Strike
Passed Ball!
Erik Schlosser to second
0-1: Swinging Strike
0-2: Strikes out looking
Batting: RHB Jayson Robinson 0-0: Called Strike
0-1: Ball
1-1: Called Strike
1-2: Ball
2-2: Strikes out swinging
Top of the 7th over - 0 runs, 1 hit, 0 errors, 1 left on base; Portland 4 - Madison 4
BOTTOM OF THE 7TH
Madison Brewers batting - Pitching for Portland Angels : RHP Jeremy Anderson
Pitching: LHP Matt LaCamera
Batting: RHB Bobby Ujvari 0-0: Foul Ball, location: 2F
0-1: Swinging Strike
0-2: Ball
1-2: Ball
2-2: Foul Ball, location: 2F
2-2: Strikes out swinging
Batting: RHB Alex Olmeda 0-0: Foul Ball, location: 2F
0-1: Fly out, F6 (Popup, 4S, EV 73.1 MPH)
Pinch Hitting: LHB Danny Brooks 0-0: Ball
1-0: Foul Ball, location: 2F
1-1: Ball
2-1: Swinging Strike
2-2: Strikes out swinging, 2-3 out at first.
Bottom of the 7th over - 0 runs, 0 hits, 0 errors, 0 left on base; Portland 4 - Madison 4
TOP OF THE 8TH
Portland Angels batting - Pitching for Madison Brewers : LHP Gerald Brown
Pitching: RHP Andy Converse
Batting: RHB Justin Reed 0-0: Ball
1-0: Ground out 6-3 (Groundball, 6, EV 103.8 MPH)
Batting: RHB Humberto Rebollar 0-0: Called Strike
0-1: Foul Ball, location: 2F
0-2: Fly out, F5 (Line Drive, 5, EV 66.9 MPH)
Pinch Hitting: RHB Isamu Kobayashi 0-0: Ball
1-0: Swinging Strike
1-1: Ball
2-1: Ball
3-1: Ground out U3 (Groundball, 34, EV 86.9 MPH)
Top of the 8th over - 0 runs, 0 hits, 0 errors, 0 left on base; Portland 4 - Madison 4
BOTTOM OF THE 8TH
Madison Brewers batting - Pitching for Portland Angels : LHP Matt LaCamera
Pitching: LHP Chris Nelson
Batting: RHB Brent Campbell 0-0: Ball
1-0: Ball
2-0: Ground out 4-3 (Groundball, 4, EV 101.9 MPH)
Batting: RHB Micah Christopher 0-0: Ball
1-0: Ball
2-0: Foul Ball, location: 2F
2-1: Ground out 6-3 (Groundball, 6D, EV 106.3 MPH)
Batting: LHB Dan Martinez 0-0: Ball
1-0: Ball
2-0: Fly out, F8 (Line Drive, 8LD, EV 102.5 MPH)
Bottom of the 8th over - 0 runs, 0 hits, 0 errors, 0 left on base; Portland 4 - Madison 4
TOP OF THE 9TH
Portland Angels batting - Pitching for Madison Brewers : RHP Andy Converse
Pinch Hitting: LHB Kyle Jennings 0-0: Ball
1-0: Reached on error, E5 (Groundball, 56, EV 95.0 MPH)
Batting: RHB Aubrey Soldan 0-0: Fly out, F6 (Popup, 6S, EV 66.3 MPH)
Batting: RHB Suoud bin Hilal 0-0: Called Strike
0-1: Ball
1-1: Ball
2-1: Fly out, F9 (Flyball, 9S, EV 87.5 MPH)
Batting: RHB Erik Schlosser 0-0: Called Strike
0-1: Called Strike
0-2: Fly out, F1 (Line Drive, P, EV 71.9 MPH)
Top of the 9th over - 0 runs, 0 hits, 1 error, 1 left on base; Portland 4 - Madison 4
BOTTOM OF THE 9TH
Madison Brewers batting - Pitching for Portland Angels : LHP Chris Nelson
Pitching: RHP Bill Herrera
Now at 3B: Kyle Waters
Pinch Hitting: RHB Brock Rowling 0-0: Ball
1-0: Called Strike
1-1: Ground out U3 (Groundball, 34, EV 90.6 MPH)
Pinch Hitting: LHB Myles Bridges 0-0: Ball
1-0: Fly out, F8 (Line Drive, 8LD, EV 102.5 MPH)
Pinch Hitting: LHB Chris Kinsella 0-0: Ball
1-0: Called Strike
1-1: Foul Ball, location: 2F
1-2: Fly out, F7 (Flyball, 7LM, EV 85.6 MPH)
Bottom of the 9th over - 0 runs, 0 hits, 0 errors, 0 left on base; Portland 4 - Madison 4
TOP OF THE 10TH
Portland Angels batting - Pitching for Madison Brewers : RHP Andy Converse
Pitching: LHP Miguel Medrano
Now at 2B: Brock Rowling
Now at 3B: Andrew Webster
Now in RF: Myles Bridges
Batting: RHB Dan Benson 0-0: Ball
1-0: Called Strike
1-1: SINGLE (Groundball, 6D, EV 98.1 MPH)
Pinch Hitting: RHB Abraha Yusef 0-0: Ball
1-0: DOUBLE (Line Drive, 7LM, EV 108.8 MPH)
Dan Benson to third
Pinch Hitting: RHB Tyler Allen 0-0: Intentional Walk
Pinch Hitting: RHB Ernie Campbell 0-0: Called Strike
0-1: Ball
1-1: Ball
2-1: Foul Ball, location: 2F
2-2: Strikes out looking
Batting: RHB Kyle Waters 0-0: Ball
1-0: Foul Ball, location: 2F
1-1: Ball
2-1: SINGLE (Line Drive, 5L, EV 106.9 MPH)
Dan Benson scores
Abraha Yusef to third
Tyler Allen to second
Runner from 3rd tries for Home, throw by LF and OUT! 7-2
Batting: RHB Bill Herrera 0-0: Ball
1-0: DOUBLE (Line Drive, 9LM, EV 106.3 MPH)
Tyler Allen scores
Kyle Waters to third
Runner from 3rd tries for Home, throw by RF and OUT! 9-4-2
Top of the 10th over - 2 runs, 4 hits, 0 errors, 1 left on base; Portland 6 - Madison 4
BOTTOM OF THE 10TH
Madison Brewers batting - Pitching for Portland Angels : RHP Bill Herrera
Now at 2B: Joe Monro
Now at SS: Ryan Reed
Now in LF: Aaron Younger
Batting: RHB Bobby Ujvari 0-0: Called Strike
0-1: Ball
1-1: Called Strike
1-2: Fly out, F7 (Flyball, 7S, EV 95.0 MPH)
Batting: RHB Alex Olmeda 0-0: Swinging Strike
0-1: Foul Ball, location: 2F
0-2: Strikes out swinging
Batting: RHB Andrew Webster 0-0: Foul Ball, location: 2F
0-1: Ball
1-1: Foul Ball, location: 2F
1-2: Ground out 4-3 (Groundball, 4, EV 86.9 MPH)
Bottom of the 10th over - 0 runs, 0 hits, 0 errors, 0 left on base; Portland 6 - Madison 4
Thursday, March 31st , 2022 - OOTP Baseball 22.12 Build 89